Map: King's Cove LE

Players

Sonix

  • Race: Zerg Zerg
  • Spawn Location: 11:00

Ryosis - Winner!

  • Race: Zerg Zerg
  • Spawn Location: 5:00

Event: 2019 WCS Spring

VOD

Have the link to the VOD?

Description

Time

  • Played on: May 17, 2019, 8:50 a.m.
  • Length: 5:04

All games in this series

Show
View Real Time Build Order
Export as new Build Order

Sonix Zerg 

Build Orders: Hatch First 

Get SALT Encoding   

  12  0:01  Drone  
  13  0:12  Overlord  
  13  0:19  Drone  
  14  0:32  Drone x2  
  16  0:36  Drone  
  17  0:57  Hatchery  
  16  1:00  Drone  
  17  1:13  Spawning Pool  
  17  1:16  Drone  
  17  1:20  Extractor  
  17  1:24  Drone x2  
  18  1:33  Drone  
  19  1:43  Drone  
  20  1:57  Overlord  
  20  2:01  Queen  
  22  2:08  Queen  
  22  2:14  Zergling x2  
  26  2:15  Drone x2  
  27  2:23  Metabolic Boost  
  27  2:25  Drone x2  
  29  2:31  Evolution Chamber  
  29  2:32  Drone  
  29  2:43  Drone  
  30  2:45  Drone x2  
  32  2:51  Overlord  
  32  2:58  Drone  
  33  3:07  Drone x2  
  35  3:13  Drone x2  
  35  3:18  Drone x2  
  35  3:19  Drone  
  40  3:26  Zergling x6  
  43  3:27  Drone  
  43  3:30  Extractor  
  43  3:33  Drone  
  43  3:42  Zergling x2  
  43  3:46  Overlord  
  44  4:02  Zergling x6  
  41  4:03  Zergling x2  
  41  4:04  Zergling x4  
  41  4:08  Zergling x4  
  43  4:13  Zergling x2  
  43  4:16  Zergling x2  
  28  4:24  Zergling x6  
  28  4:25  Zergling x8  
  30  4:36  Zergling x2  
  29  4:40  Zergling x4  
Show
View Real Time Build Order
Export as new Build Order

Ryosis Zerg - Winner!

Build Orders: Hatch First, Zergling Baneling 

Get SALT Encoding   

  12  0:00  Drone  
  13  0:12  Overlord  
  13  0:17  Drone  
  14  0:31  Drone x2  
  16  0:49  Hatchery  
  15  0:52  Drone  
  15  0:56  Drone  
  17  0:59  Drone  
  18  1:10  Extractor  
  17  1:15  Spawning Pool  
  16  1:18  Drone  
  16  1:21  Drone  
  18  1:28  Drone  
  19  1:39  Drone  
  20  1:50  Overlord  
  20  2:01  Queen  
  20  2:02  Queen, Zergling x4  
  26  2:10  Metabolic Boost  
  26  2:12  Drone  
  26  2:14  Drone  
  28  2:22  Drone  
  29  2:23  Drone  
  30  2:39  Hatchery  
  30  2:41  Drone  
  30  2:43  Drone  
  31  2:46  Drone  
  32  2:51  Baneling Nest  
  32  2:54  Drone  
  32  2:59  Overlord  
  32  3:05  Zergling x4  
  34  3:12  Zergling x4  
  36  3:19  Zergling x8  
  40  3:24  Overlord  
  40  3:26  Zergling x2  
  41  3:33  Zergling x4  
  42  3:37  Baneling x2  
  42  3:39  Zergling x2  
  43  3:43  Zergling x4  
  43  3:46  Baneling x4  
  43  3:48  Zergling x2  
  46  3:49  Zergling x2  
  46  3:54  Zergling x4  
  49  3:59  Baneling  
  49  4:02  Zergling x6  
  50  4:07  Zergling x4  
  50  4:13  Zergling x6  
  50  4:14  Baneling  
  50  4:17  Zergling x2  
  48  4:24  Zergling x6  
  48  4:27  Baneling  
  48  4:31  Zergling x4  
  48  4:33  Baneling x2  
  48  4:37  Zergling x4  
  49  4:40  Zergling x4  
  49  4:44  Baneling  
Tags
 
Add a new tag
Caveats
  • Supply blocks, unpowered buildings, or Contaminate may cause inaccurate times.
  • Supply counts are checked every 10 seconds.